 Dungeon Crawl Stone Soup version 0.17.1-1-g73c8601 (webtiles) character file.

3619 Runnr the Skirmisher (level 10, -4/96 HPs)
             Began as a Gargoyle Fighter on Jan 4, 2016.
             Was a Priest of Makhleb.
             Killed by the air
             ... invoked by Gastronok
              (12 damage)
             ... on level 10 of the Dungeon.
             The game lasted 00:26:19 (9277 turns).

Runnr the Skirmisher (Gargoyle Fighter)             Turns: 9277, Time: 00:26:19

Health: -4/96      AC: 17    Str: 23    XL:     10   Next: 11%
Magic:  13/13      EV:  8    Int:  9    God:    Makhleb [***...]
Gold:   471        SH: 12    Dex: 21    Spells: 0 memorised, 9 levels left

rFire  . . .     SeeInvis .     y - +0 hand axe of Absolution {speed, rPois Str-2 Dex+6}
rCold  . . .     Clarity  .     b - +0 scale mail
rNeg   + . .     SustAt   .     c - +0 shield
rPois  ∞         Gourm    .     (no helmet)
rElec  +         Spirit   .     n - +0 cloak
rCorr  .         Warding  .     H - +0 pair of gloves
rMut   .         Stasis   .     (no boots)
MR     +....                    D - amulet of rage
Stlth  ..........               h - +3 ring of dexterity
                                P - ring of protection from magic

@: berserking (expiring), slowed, somewhat resistant to hostile enchantments,
extremely unstealthy
A: negative energy resistance 1, electricity resistance, unbreathing,
petrification resistance, rot immunity, AC +7
a: Minor Destruction, Lesser Servant of Makhleb, Renounce Religion, Evoke
Berserk Rage


You were on level 10 of the Dungeon.
You worshipped Makhleb.
Makhleb was most pleased with you.
You were not hungry.

You visited 1 branch of the dungeon, and saw 10 of its levels.

You collected 471 gold pieces.

Inventory:

Hand Weapons
 y - the +0 hand axe of Absolution (weapon) {speed, rPois Str-2 Dex+6}
   (You found it on level 4 of the Dungeon)

   Attacks with this weapon are significantly faster.
   It affects your strength (-2).
   It affects your dexterity (+6).
   It protects you from poison.
Missiles
 p - 62 poisoned needles
Armour
 b - a +0 scale mail (worn)
 c - a +0 shield (worn)
 n - a +0 cloak (worn)
 H - a +0 pair of gloves (worn)
Jewellery
 a - an uncursed amulet of stasis {unknown}
 e - an uncursed amulet of warding
 g - an uncursed ring of teleportation
 h - a +3 ring of dexterity (right hand)
 D - an amulet of rage (around neck)
 P - a ring of protection from magic (left hand)
Wands
 f - a wand of draining (5)
 w - a wand of confusion (46)
Scrolls
 i - 2 scrolls of enchant weapon
 j - 2 scrolls of amnesia
 m - 7 scrolls of teleportation
 o - 2 scrolls of blinking {unknown}
 q - 3 scrolls of recharging
 s - a scroll of vulnerability {unknown}
 x - 3 scrolls of immolation {unknown}
 B - a scroll of fear {unknown}
 C - 5 scrolls of magic mapping
 K - a scroll of holy word {unknown}
 N - 2 scrolls of noise {unknown}
 Q - a scroll of remove curse
 R - a scroll of fog {unknown}
Potions
 d - 3 potions of might
 l - 2 potions of brilliance
 u - a potion of flight
 v - 4 potions of curing
 z - 3 potions of haste
 J - a potion of agility
Books
 I - a book of Dreams

   Spells                             Type                      Level
   a - Ensorcelled Hibernation        Hexes/Ice                    2
   b - Phase Shift                    Translocation                5
   c - Shadow Creatures               Summoning                    5
   d - Silence                        Hexes/Air                    5
   e - Darkness                       Hexes                        6
   f - Mass Confusion                 Hexes                        6
 M - a book of Beasts

   Spells                             Type                      Level
   a - Summon Butterflies             Summoning                    1
   b - Call Canine Familiar           Summoning                    3
   c - Summon Ice Beast               Ice/Summoning                4
   d - Summon Mana Viper              Hexes/Summoning              5
   e - Summon Hydra                   Summoning                    7
Comestibles
 E - 8 bread rations
 F - a royal jelly
 G - 3 fruits
 L - a slice of pizza
 O - a beef jerky
 S - 6 meat rations


   Skills:
 + Level 7.9 Fighting
 + Level 6.4 Axes
 + Level 7.8 Armour
 + Level 7.8 Shields
 + Level 4.6 Evocations


You had 9 spell levels left.
You didn't know any spells.

Dungeon Overview and Level Annotations

Branches:
Dungeon (10/15)            Temple (0/1) D:6
   Lair: D:8-11         Orc: D:9-12

Altars:
Dithmenos
Elyvilon
Kikubaaqudgha
Makhleb
Trog
The Shining One

Shops:
D:5 *

Annotations:
D:5 Clownie's ghost, novice FoFi
D:10 Gastronok


Innate Abilities, Weirdness & Mutations

You are resistant to torment.
Your stone body is resilient (AC +7).
You are immune to poison.
You resist negative energy.
You are resistant to electric shocks.
You can survive without breathing.
You are immune to petrification.
You are immune to rotting.


Message History

Gastronok looks at you and mumbles some strange words.
You resist with significant effort.
You hit Gastronok but do no damage.
Gastronok is heavily wounded.
You slash Gastronok!
Gastronok is severely wounded.
You hit Gastronok.
Gastronok is severely wounded.
Gastronok waves his eye-stalks in wide circles.
The air twists around and strikes you!
* * * LOW HITPOINT WARNING * * *
You slash Gastronok!
Gastronok is severely wounded.
You hit Gastronok.
Gastronok is severely wounded.
You slash Gastronok!
Gastronok is almost dead.
Gastronok waves his eye-stalks in wide circles.
The air twists around and strikes you!
You die... #.# #.## #Z.. #<.# ZK8 ##.# KZZ #.# Ko #.# ##K# #.# #KW

#####.##### #w#
#.........# #@#
#.###.###.# #.#
#.# #.# #.# #.#
#.# #.# #.##
#.# #.# #.#
#.##.###.# #.#
#.# #.##....(#
#.# #.#
#.#####..# #.#
#.# #.#
#..###### #.#
#!#
#.#####........


You could see Gastronok, a hungry ghost, a big kobold, an orc priest, a goblin
zombie, 2 orc zombies, an ogre zombie and 4 kobolds.

Vanquished Creatures
  Erica (D:9)
  A merfolk (D:9)
  A hippogriff (D:8)
  Duvessa (D:7)
  2 phantoms
  An ice beast (D:6)
  A crocodile (D:9)
  3 ogres
  A gnoll sergeant (D:9)
  4 giant frogs
  A water moccasin skeleton (D:8)
  A wyvern skeleton (D:8)
  Dowan (D:7)
  3 electric eels (D:6)
  5 crimson imps
  2 giant frog zombies
  A centaur zombie (D:6)
  7 orc priests
  7 orc wizards
  A centaur skeleton (D:7)
  4 hounds
  Natasha (twice) (D:2)
  4 worker ants
  4 iguanas
  A worker ant zombie (D:5)
  7 gnolls
  6 adders
  2 oozes
  4 worms
  7 giant geckos
  31 orcs
  6 giant cockroaches
  9 goblins
  13 hobgoblins
  14 jackals
  2 quokkas
  7 bats
  5 giant newts
  2 jackal skeletons
  6 kobolds
  11 rats
192 creatures vanquished.

Vanquished Creatures (others)
  2 plants (D:3)
2 creatures vanquished.

Grand Total: 194 creatures vanquished

Notes
Turn   | Place    | Note
--------------------------------------------------------------
     0 | D:1      | Runnr the Gargoyle Fighter began the quest for the Orb.
     0 | D:1      | Reached XP level 1. HP: 14/14 MP: 1/1
   138 | D:1      | Reached XP level 2. HP: 13/19 MP: 2/2
   608 | D:1      | Reached XP level 3. HP: 20/24 MP: 3/3
  1175 | D:2      | Found a faded altar to an unknown god.
  1362 | D:2      | Reached XP level 4. HP: 26/29 MP: 4/4
  1390 | D:2      | Reached skill level 4 in Shields
  1418 | D:2      | Noticed Natasha
  1443 | D:2      | Killed Natasha
  1551 | D:2      | Noticed Natasha
  1564 | D:2      | Killed Natasha
  1696 | D:2      | Reached XP level 5. HP: 30/33 MP: 5/5
  2799 | D:4      | Got a translucent hand axe
  2800 | D:4      | Identified the cursed +0 hand axe of Absolution {speed, rPois Str-2 Dex+6} (You found it on level 4 of the Dungeon)
  2904 | D:4      | Reached XP level 6. HP: 39/39 MP: 6/6
  3356 | D:4      | Noticed an ogre
  3365 | D:4      | Killed an ogre
  3365 | D:4      | Reached skill level 5 in Fighting
  3365 | D:4      | Reached skill level 5 in Shields
  3545 | D:4      | Found a burning altar of Makhleb.
  3554 | D:4      | Became a worshipper of Makhleb the Destroyer
  3712 | D:5      | Entered Level 5 of the Dungeon
  3728 | D:5      | Reached XP level 7. HP: 42/44 MP: 7/7
  3977 | D:5      | Reached skill level 5 in Armour
  4074 | D:5      | Noticed Clownie's ghost (novice FoFi)
  4149 | D:5      | Found Milaaf's General Store.
  4671 | D:4      | Reached skill level 1 in Evocations
  5184 | D:4      | Reached XP level 8. HP: 22/51 MP: 9/9
  5339 | D:6      | Found a staircase to the Ecumenical Temple.
  5566 | D:6      | Reached skill level 6 in Fighting
  5807 | D:6      | Reached * piety under Makhleb
  5827 | D:6      | You fall through a shaft!
  5883 | D:7      | Reached skill level 5 in Axes
  6152 | D:6      | Found a bloodstained altar of Trog.
  7036 | D:7      | Reached XP level 9. HP: 54/56 MP: 11/11
  7176 | D:7      | Noticed Dowan
  7207 | D:7      | Killed Dowan
  7237 | D:7      | Noticed Duvessa
  7248 | D:7      | Killed Duvessa
  7248 | D:7      | Reached ** piety under Makhleb
  7886 | D:8      | Found a glowing golden altar of the Shining One.
  7889 | D:8      | Found an ancient bone altar of Kikubaaqudgha.
  7892 | D:8      | Found a white marble altar of Elyvilon.
  8289 | D:8      | Reached skill level 7 in Fighting
  8502 | D:9      | Found a shadowy altar of Dithmenos.
  8985 | D:9      | Reached *** piety under Makhleb
  9026 | D:9      | Noticed Erica
  9069 | D:9      | Killed Erica
  9069 | D:9      | Reached XP level 10. HP: 60/64 MP: 13/13
  9188 | D:10     | Entered Level 10 of the Dungeon
  9256 | D:10     | Noticed Gastronok
  9277 | D:10     | Killed from afar by Gastronok

Action                   |  1- 3 |  4- 6 |  7- 9 | 10-12 || total
-------------------------+-------+-------+-------+-------++-------
Melee: War axe           |   150 |   123 |       |       ||   273
       Hand axe          |       |   111 |   829 |    22 ||   962
 Abil: Evoke Berserk Rag |       |       |     5 |     1 ||     6
  Use: Scroll            |       |     1 |     7 |     8 ||    16
  Eat: Chunk             |       |    10 |    21 |     1 ||    32
